[Event "Baku Open 2024"]
[Site "Baku"]
[Date "2024.07.01"]
[Round "3.24"]
[White "Davudov, Tunar"]
[Black "Narayanan S L"]
[Result "0-1"]
[ECO "B32"]
[WhiteElo "2249"]
[BlackElo "2668"]
[Annotator "TA"]
[PlyCount "75"]
[EventDate "2024.06.29"]
[EventType "swiss"]
[EventCountry "AZE"]
[SourceTitle "playchess.com"]
[Source "ChessBase"]
[SourceQuality "1"]
[TimeControl "5400+30"]

1. e4 c5 2. Nf3 Nc6 3. d4 cxd4 4. Nxd4 e5 5. Nb5 d6 6. N1c3 a6 7. Na3 Be6 8. Be3 Rb8 9. Nd5 b5 ({Black should play} 9... Bxd5 $11 10. exd5 (10. Qxd5 Nf6 $11) 10... Nce7) 10. c4 $14 {[%emt 0:01:31] White is slightly better.} b4 11. Nc2 a5 12. Be2 Nf6 13. f3 Be7 14. O-O Nd7 15. Qd2 $1 Nc5 {[%emt 0:00:00] [#]} 16. b3 (16. Rad1 $1 $16) 16... Rb7 17. Rfd1 {[%emt 0:17:09] Threatens to win with Nxe7.} Rd7 18. Rab1 O-O 19. g4 (19. a3 $1 $14) 19... h6 20. a3 Bg5 21. axb4 axb4 22. Ndxb4 Na5 23. Qc3 Bxe3+ 24. Qxe3 Rb7 25. Nd3 Ncxb3 (25... Rxb3 26. Rxb3 Ncxb3 (26... Naxb3 27. Nxe5 Qc8 28. Nd3 $17) 27. Nxe5 $15) 26. Ndb4 Nc5 (26... Bxc4 $2 27. Bxc4 Nxc4 28. Qxb3 $18) 27. Na3 Qb8 28. Nd5 Bxd5 29. cxd5 Nab3 30. Nc2 Qa7 31. Bc4 {[%emt 0:01:42][%cal Rc4b3] Strongly threatening Bxb3.} Rfb8 {[%emt 0:00:00] ...Qa4 would now be deadly.} 32. Kh1 {[%emt 0:01:17] [#]} (32. Kg2 $17 {was called for.}) 32... Qa4 $1 $19 33. Qc3 {[%emt 0:00:33] [#]} (33. Qe2 $142) 33... Nd4 $1 {[%emt 0:00:00][%mdl 512] Excellent horsemanship.} 34. Rxb7 Rxb7 (34... Nxb7 35. Bd3 Nc5 (35... Nxf3 36. Qc7 $16) 36. Ra1) 35. Rc1 Nb5 (35... Nxf3 $19 {has better winning chances.} 36. Ra1 Nxe4 37. Rxa4 Nxc3) 36. Bxb5 $17 Qxb5 (36... Rxb5 37. Ra1 Qb3 38. Qxb3 Rxb3 39. Ra3) 37. Qe3 $2 (37. Re1 $17) 37... Qb2 $19 38. Na1 $2 {[%emt 0:01:01] Prevents Rb3.   Weighted Error Value: White=0.22 (precise) /Black=0.13 (very precise) .  Missed win:     	---       	Black=1      Mistake:       	White=6     	Black=1      Inaccurate:     	White=1     	Black=1      OK:         	White=11    	Black=16     Strong:       	White=1     	Black=1      Brilliant:      	---       	Black=1} (38. Na3 Rb3 39. Nc4 Rxe3 40. Nxb2 Rxf3 41. Kg2) 0-1

[Event "Baku Open 2024"]
[Site "Baku"]
[Date "2024.07.01"]
[Round "3.25"]
[White "Iskandarov, Misratdin"]
[Black "Tregubenko, Nikolay"]
[Result "1-0"]
[ECO "B50"]
[WhiteElo "2524"]
[BlackElo "2246"]
[Annotator "TA"]
[PlyCount "45"]
[EventDate "2024.06.29"]
[EventType "swiss"]
[EventCountry "AZE"]
[SourceTitle "playchess.com"]
[Source "ChessBase"]
[SourceQuality "1"]
[TimeControl "5400+30"]

1. e4 c5 2. Nf3 d6 3. c3 Nf6 4. Be2 Nc6 5. d4 cxd4 6. cxd4 Nxe4 7. d5 Qa5+ 8. Nc3 Nxc3 9. bxc3 Ne5 10. Nxe5 Qxc3+ 11. Bd2 Qxe5 12. O-O Bd7 {[%emt 0:05:03][%cal Og7g6] Prevents Bb5.} 13. Rb1 {[%emt 0:03:37][%mdl 1024] White has compensation.} b6 14. Re1 Rd8 {[%emt 0:07:08] [#]} (14... g6 $16) 15. Qb3 $1 $18 {[%emt 0:05:22] Hoping for Rbc1.} h5 $2 (15... f6 16. Rbc1 Qd4) 16. Rbc1 h4 17. Bb5 {[%emt 0:04:17] White threatens Bxd7+ and mate.} Qf5 18. Rc7 {[%emt 0:00:11] aiming for Rxd7.} h3 19. Qc4 Rh4 20. Qxh4 (20. Rxd7 $142 Qxd7 21. Bxd7+ Rxd7 22. Qxh4) 20... Qxd5 {[%emt 0:00:17] [#]} 21. Bc6 $1 Qxd2 (21... Qxc6 22. Rxc6) 22. Bxd7+ Rxd7 23. Rc8+ {[%emt 0:00:05] Black did not feel at home in the position after the opening.   Weighted Error Value: White=0.12 (very precise) /Black=1.59.  Mistake:       	---       	Black=2      Inaccurate:     	White=1     	Black=1      OK:         	White=1     	Black=2      Best:        	White=2     	---} 1-0

[Event "Baku Open 2024"]
[Site "Baku"]
[Date "2024.07.01"]
[Round "3.26"]
[White "Zhalmakhanov, Ramazan"]
[Black "Kairbekova, Amina"]
[Result "1/2-1/2"]
[ECO "A05"]
[WhiteElo "2505"]
[BlackElo "2244"]
[Annotator "TA"]
[PlyCount "108"]
[EventDate "2024.06.29"]
[EventType "swiss"]
[EventCountry "AZE"]
[SourceTitle "playchess.com"]
[Source "ChessBase"]
[SourceQuality "1"]
[TimeControl "5400+30"]

1. Nf3 Nf6 2. b3 g6 3. Bb2 d5 4. c4 Bg7 5. g3 O-O 6. Bg2 c5 7. O-O (7. cxd5 $14 Qxd5 8. Nc3) 7... Re8 (7... d4 $15) 8. cxd5 $14 Nxd5 9. Bxg7 {[%emt 0:02:58] White is better.} Kxg7 10. d4 cxd4 11. Nxd4 Nf6 12. Na3 Qa5 13. Nc4 Qh5 ({Black should try} 13... Qc5) 14. e3 Bg4 15. Qc2 {[%emt 0:05:00] White is more active.} Nc6 16. Nxc6 bxc6 17. Bxc6 Rac8 (17... Rad8 $16) 18. Bg2 (18. Bxe8 $18 Bf3 19. h4) 18... Rc5 19. Qb2 Kg8 20. Rfe1 Rec8 21. Rac1 Nd5 ({Better is} 21... Be6) 22. Rc2 Nb6 23. Rec1 (23. Qd4 {feels hotter.} R8c7 24. Rec1 Be6 25. Bf1) 23... Be6 24. Na3 Rxc2 $1 25. Rxc2 Qd1+ (25... Rxc2 $14 26. Qxc2 (26. Nxc2 Qd1+ 27. Bf1 Nc4 $11) 26... Qa5) 26. Bf1 $16 Bh3 {[%emt 0:00:48][%csl Gh3][%cal Rd1f1] [#]} 27. Rxc8+ Bxc8 28. Qc2 Qd5 29. Bg2 (29. Nb5 $16) 29... Qa5 $14 30. Qc1 $36 {[%emt 0:00:06][%mdl 2048] Black is under pressure.} Be6 31. e4 Nd7 32. h4 Nc5 33. h5 Nd3 34. Qe3 Qxa3 (34... Nxf2 $11 35. b4 Ng4 (35... Qxh5 36. Kxf2 Qe5 37. Nc2 $16) 36. bxa5 Nxe3) 35. Qxd3 Qxa2 $2 $11 {[%emt 0:00:29][%mdl 12288] Endgame. KQB-KQB} (35... gxh5 $11 36. Qd2 h4) 36. Qd8+ $18 Kg7 37. h6+ $1 (37. Qxe7 Qxb3 38. Kh2 Qa2 $11 (38... gxh5 39. Qg5+ Kh8 40. Qd8+ Kg7 41. Qd4+ Kg8 42. Qxa7 $14)) 37... Kxh6 38. Qf8+ (38. Qxe7 Kg7 (38... Qxb3 39. Qf8+ Kg5 40. Kh2 $11) 39. b4 a5 40. bxa5 Qxa5 $11) 38... Kh5 $2 (38... Kg5 39. f4+ (39. Qxe7+ Kh6 $18) 39... Kh5 (39... Kg4 $2 40. Qh6 $18)) 39. Bf3+ (39. Qxe7 Qa1+ 40. Kh2 Kh6 $11) (39. Qg7 $142 Qb1+ 40. Kh2 Qc1 41. f4 h6 42. Qxf7 Qc6 43. Bf3+ (43. Qxe7 g5 44. f5 Bxf5 45. exf5 Qc2 46. f6 Kg6 47. f7 Qe2) 43... Bg4 44. Qxe7) 39... Kg5 {[%emt 0:00:08] [#]} 40. Qxe7+ $2 (40. Bd1 $1 $18 {Intending f4+ and mate.} Bxb3 41. Qxe7+ Kh6 42. Qf8+ Kg5 43. Qc5+ Kh6 44. Qe3+ Kg7 45. Bxb3 (45. Qxb3 Qxb3 46. Bxb3 a6 $18) 45... Qb1+ 46. Kg2) 40... Kh6 $11 {[%emt 0:00:05] The position is equal.} 41. Qf8+ Kg5 42. Qe7+ Kh6 43. Qf8+ Kg5 44. Qd8+ Kh6 $1 45. Qf8+ Kg5 46. Bg2 {[%emt 0:00:18] aiming for f4+.} Qxb3 47. Kh2 h5 48. Qg7 a5 49. e5 a4 50. Qf6+ Kh6 {[%emt 0:00:06] ...Kh7 would now be deadly.} 51. Qh8+ Kg5 52. f3 a3 53. Qf6+ Kh6 {[%emt 0:00:05] Hoping for ...Kh7.} 54. Qh8+ Kg5 {[%emt 0:00:05] Weighted Error Value: White=0.32/Black=0.22 (precise) .  Loses game:     	---       	Black=2      Mistake:       	White=3     	Black=7      Inaccurate:     	White=4     	Black=2      OK:         	White=18    	Black=10     Best:        	White=4     	Black=5      Strong:       	White=1     	Black=2} 1/2-1/2

[Event "Baku Open 2024"]
[Site "Baku"]
[Date "2024.07.01"]
[Round "3.27"]
[White "Babazada, Khazar"]
[Black "Orujov, Farid"]
[Result "1-0"]
[ECO "C44"]
[WhiteElo "2468"]
[BlackElo "2243"]
[Annotator "TA"]
[PlyCount "83"]
[EventDate "2024.06.29"]
[EventType "swiss"]
[EventCountry "AZE"]
[SourceTitle "playchess.com"]
[Source "ChessBase"]
[SourceQuality "1"]
[TimeControl "5400+30"]

1. e4 e5 2. Nf3 Nf6 3. d3 Nc6 4. g3 d5 5. exd5 Qxd5 6. Bg2 Bg4 7. h3 Bh5 8. Nc3 {[%emt 0:02:56] White has an edge.} Qd7 9. g4 Bg6 10. Be3 Bb4 11. a3 ({White should try} 11. O-O $11) 11... Bxc3+ $15 12. bxc3 Nd5 13. Qd2 e4 14. Nh4 exd3 {[%emt 0:06:09] aiming for ...0-0-0.} 15. Nxg6 (15. c4 {with more complications.} Nb6 16. Nxg6 hxg6 17. c5) 15... hxg6 16. cxd3 (16. Qxd3 $11 {keeps the balance.} O-O-O 17. O-O-O Nxe3 18. Qxe3) 16... Nxe3 (16... O-O-O $17 {White must now prevent ...Nxe3.} 17. Rd1 Nxe3 18. fxe3 f5 19. gxf5 gxf5) 17. Qxe3+ $11 Kf8 {[%emt 0:00:00] [#] Threatens to win with ...Re8.} 18. O-O Re8 19. Qc5+ Qd6 $1 20. Qxd6+ (20. Qb5 {is more complex.} Nd8 21. Rfe1 Re7 22. d4) 20... cxd6 21. Rab1 Na5 22. Rfe1 b6 23. Kh2 Re7 (23... g5 $1 $14) 24. Bd5 g5 25. Kg3 {[%emt 0:00:16] White is more active.} Ke8 {[%emt 0:00:00] [#]} ({Better is} 25... Rc7 $14) 26. Rxe7+ $1 $16 Kxe7 {[%emt 0:00:00][%mdl 4096] Endgame. KRB-KRN} 27. Re1+ Kf8 (27... Kf6 $16) 28. Re3 Rh7 29. Rf3 g6 30. Re3 b5 (30... Rg7 $16 {is a better defense.} 31. h4 gxh4+ 32. Kxh4 f5 33. gxf5 gxf5) 31. Re4 f5 32. Rb4 a6 (32... Nb7 {might work better.} 33. Rxb5 Nc5) 33. a4 $18 Rc7 $2 (33... bxa4 {was called for.} 34. Rxa4 Nb7) 34. axb5 {[%emt 0:00:00] White is clearly winning.} axb5 35. Rxb5 Nc6 36. Bxc6 {[%emt 0:00:00] Hoping for Rb8+.} Rxc6 {[%emt 0:00:01] KR-KR} 37. c4 Ra6 (37... fxg4 $142 38. Kxg4 Kg7 39. Kxg5 Kf7) 38. gxf5 Kf7 39. fxg6+ Kxg6 40. Kg4 Ra3 41. Rd5 Ra6 42. Rxg5+ {[%emt 0:00:00] Weighted Error Value: White=0.20 (precise) /Black=0.36.  Mistake:       	White=2     	Black=8      Inaccurate:     	White=1     	Black=2      OK:         	White=8     	Black=5      Best:        	White=3     	Black=2      Strong:       	White=1     	Black=1} 1-0

[Event "Baku Open 2024"]
[Site "Baku"]
[Date "2024.07.01"]
[Round "3.28"]
[White "Valiyev, Shahin"]
[Black "Shuvalova, Polina"]
[Result "0-1"]
[ECO "C92"]
[WhiteElo "2244"]
[BlackElo "2467"]
[Annotator "TA"]
[PlyCount "76"]
[EventDate "2024.06.29"]
[EventType "swiss"]
[EventCountry "AZE"]
[SourceTitle "playchess.com"]
[Source "ChessBase"]
[SourceQuality "1"]
[TimeControl "5400+30"]

1. e4 e5 2. Nf3 Nc6 3. Bb5 a6 4. Ba4 Nf6 5. O-O Be7 6. Re1 b5 7. Bb3 O-O 8. c3 d6 9. h3 Bb7 10. d4 Re8 11. Ng5 Rf8 12. Nf3 Re8 13. Ng5 Rf8 14. Nf3 h6 (14... Re8 $11) 15. a3 Re8 16. Ba2 Bf8 17. d5 {[%emt 0:00:31] The position is equal.} Ne7 18. c4 Qd7 19. Nc3 c6 20. dxc6 Bxc6 21. cxb5 axb5 22. Nh2 d5 23. Nf3 Ng6 {[%emt 0:07:00] [#] Hoping for ...d4.} 24. exd5 Bb7 25. Be3 b4 26. axb4 Bxb4 27. Bb3 Rxa1 28. Qxa1 Bxc3 (28... Bxd5 $2 29. Nxd5 Bxe1 (29... Nxd5 $2 30. Rd1 $18) 30. Nxf6+ gxf6 31. Nxe1 $18 (31. Qxe1 Rb8 $18)) 29. bxc3 Bxd5 30. Rd1 {[%emt 0:13:22] [#] Black must now prevent Bxd5.} Qb7 31. Bxd5 Nxd5 32. Qa4 Re7 33. Qg4 Qb3 (33... Nxc3 $2 34. Rd8+ Nf8 (34... Kh7 35. Ng5+ hxg5 36. Qh5#) 35. Bc5 (35. Bxh6 f6 $18) 35... Ne2+ 36. Kh2 $18) 34. Nd2 Qc2 {[%emt 0:01:52][%cal Of7f5] aiming for ...f5!} (34... Qxc3 35. Ne4 Qb3 (35... Nxe3 36. Rd8+) 36. Nc5 $11) 35. Ne4 $2 {[%emt 0:00:32][%mdl 8192] Now White is beyond hope.} ({Better is} 35. Nf1 $15 f5 (35... Nxc3 36. Rd8+ Kh7 37. Ng3 $11) 36. Qf3 Nxc3 37. Rd8+ Kh7 38. Bd2) 35... f5 $1 $19 {[%emt 0:04:21] Black is clearly winning.} (35... Nxc3 36. Rd8+ (36. Qc8+ Kh7 $18) (36. Qc8+ Kh7 $18)) 36. Qh5 Nxe3 (36... Nxc3 $2 {is the wrong capture.} 37. Rd8+ (37. Nxc3 Re6 $18) 37... Nf8 38. Rxf8+ (38. Qxf5 Qb1+ 39. Kh2 Rf7 $18) 38... Kxf8 39. Qxf5+ Kg8 40. Nf6+ Kf7 41. Qxc2 $18) (36... Qxe4 $2 37. Qxg6 Kh8 38. Kh1 $18) 37. Rd8+ Nf8 {[%emt 0:00:38] ...Qc1+ would now be deadly.} 38. Nf6+ gxf6 {[%emt 0:00:11] Weighted Error Value: White=0.45/Black=0.07 (flawless) .  Loses game:     	White=1     	---        Inaccurate:     	White=3     	Black=1      OK:         	White=7     	Black=13     Best:        	---       	Black=2      Strong:       	---       	Black=1} 0-1

[Event "Baku Open 2024"]
[Site "Baku"]
[Date "2024.07.01"]
[Round "3.29"]
[White "Asgarov, Mushfig"]
[Black "Jubin Jimmy"]
[Result "0-1"]
[ECO "C55"]
[WhiteElo "2227"]
[BlackElo "2452"]
[Annotator "TA"]
[PlyCount "74"]
[EventDate "2024.06.29"]
[EventType "swiss"]
[EventCountry "AZE"]
[SourceTitle "playchess.com"]
[Source "ChessBase"]
[SourceQuality "1"]
[TimeControl "5400+30"]

1. e4 e5 2. Nf3 Nc6 3. Bc4 Nf6 4. d3 h6 5. c3 d6 6. a4 g6 7. b4 Bg7 8. Qb3 {[%emt 0:02:00] White is slightly better.} O-O 9. O-O Bg4 10. Nbd2 Nh5 11. h3 Bd7 12. Kh2 (12. Qd1 {simplifies} Nf4 13. Re1 Be6 14. Bxe6 Nxe6 15. Nc4) 12... Nf4 13. g3 (13. Re1 $11) 13... Nxh3 $17 14. Kg2 Ng5 15. Nxg5 Qxg5 16. Nf3 Qf6 17. Be3 Rae8 18. Rh1 g5 19. Nd2 Ne7 20. f3 a6 {[%emt 0:03:13] [#] Strongly threatening ...b5.} 21. b5 Ra8 22. b6 c6 23. d4 Rad8 (23... Qg6 $17 {[%cal Od6d5] aiming for ...d5!} 24. Rae1 Rad8) 24. dxe5 $1 $15 dxe5 25. Rad1 Ng6 26. Bc5 Rfe8 27. Be2 Bf8 28. Bxf8 ({Better is} 28. Bf2 $15) 28... Rxf8 (28... Nxf8 29. Qc2) 29. Rxh6 $2 {[%emt 0:00:49][%mdl 8192] White does not recover from this.} (29. Nf1 $17) 29... Nh4+ $19 ({Don't do} 29... Nf4+ 30. gxf4 Qxh6 31. Rh1 $19) 30. gxh4 (30. Rxh4 $142 gxh4 31. Qb1) 30... Qxh6 31. hxg5 Qh3+ 32. Kf2 Qh4+ 33. Ke3 Qf4+ 34. Kf2 Be6 (34... Qxg5 $2 35. Rg1 $18) 35. Nc4 Kg7 {[%emt 0:00:30] [#] ( -> ...Bxc4)} (35... Qxg5 $2 {is the wrong capture.} 36. Rg1 $18) 36. Qb4 Rxd1 (36... Qxg5 $2 {loses.} 37. Rg1 $18) 37. Bxd1 Rh8 {[%emt 0:00:23] Weighted Error Value: White=0.70/Black=0.11 (very precise) .  Loses game:     	White=1     	---        Mistake:       	White=3     	Black=1      Inaccurate:     	White=6     	Black=2      OK:         	White=5     	Black=12     Best:        	White=1     	Black=2      Strong:       	White=1     	---} 0-1

[Event "Baku Open 2024"]
[Site "Baku"]
[Date "2024.07.01"]
[Round "3.30"]
[White "Guliev, Sarhan"]
[Black "Salimova, Nurgyul"]
[Result "0-1"]
[ECO "E53"]
[WhiteElo "2224"]
[BlackElo "2436"]
[Annotator "TA"]
[PlyCount "84"]
[EventDate "2024.06.29"]
[EventType "swiss"]
[EventCountry "AZE"]
[SourceTitle "playchess.com"]
[Source "ChessBase"]
[SourceQuality "1"]
[TimeControl "5400+30"]

1. d4 Nf6 2. c4 e6 3. Nc3 Bb4 4. e3 O-O 5. Bd3 d5 6. Nf3 b6 7. O-O c5 8. cxd5 exd5 9. Ne5 Bb7 10. Bd2 Nbd7 11. Nxd7 Qxd7 12. dxc5 {[%emt 0:01:42] The position is equal.} Bxc5 13. Qa4 Qe7 14. Qh4 Ne4 15. Qxe7 Bxe7 16. Rfd1 Bf6 17. Rac1 Nxd2 18. Rxd2 d4 19. Nd1 Rad8 20. Kf1 Be5 21. g3 g5 22. e4 {[%emt 0:10:48] White is weak on the dark squares} g4 23. b3 Rfe8 24. Nb2 Re7 25. Rdc2 Bd6 {[%emt 0:01:44] This pair of bishops is nice.} 26. Re1 Kg7 27. Rec1 h5 {[%emt 0:01:04] Black is more active.} 28. Nc4 Bb8 29. Re1 f6 30. Nb2 {[%emt 0:00:48] [#]} h4 $1 31. Rd1 (31. Ree2 Rde8) 31... Rde8 ({Black should try} 31... hxg3 $17 32. fxg3 Bxe4 33. Bxe4 Rxe4) 32. Rdc1 ({Better is} 32. Re2 $15) 32... Re6 (32... Kg6 $142 33. Rd2 Bxe4 34. Bxe4+ Rxe4) 33. Rd1 $17 h3 34. Rc4 R8e7 ({Don't play} 34... Bxe4 35. Bxe4 Rxe4 36. Rcxd4 $11) 35. Rc2 (35. Kg1 $17 {was necessary.}) 35... f5 $19 36. e5 (36. Bc4 Rxe4 (36... Bxe4 $2 37. Nd3 $19) 37. Nd3) 36... Rxe5 37. f4 gxf3 38. Nc4 R5e6 39. Bxf5 (39. Nb2 $142) 39... Re2 {[%emt 0:00:06][%cal Ob8g3] [#] ( -> ...Bxg3!)} 40. Rxd4 Kf6 {[%emt 0:01:19] Hoping for ...Re1+.} 41. Bd3 Re1+ 42. Kf2 Rh1 {[%emt 0:00:15] Weighted Error Value: White=0.63/Black=0.20 (precise) .  Mistake:       	White=4     	Black=2      Inaccurate:     	White=3     	Black=1      OK:         	White=10    	Black=13     Best:        	---       	Black=2} 0-1

[Event "Baku Open 2024"]
[Site "Baku"]
[Date "2024.07.01"]
[Round "3.31"]
[White "Amangeldy, Ernur"]
[Black "Aradhya, Garg"]
[Result "1/2-1/2"]
[ECO "D32"]
[WhiteElo "2223"]
[BlackElo "2418"]
[Annotator "TA"]
[PlyCount "113"]
[EventDate "2024.06.29"]
[EventType "swiss"]
[EventCountry "AZE"]
[SourceTitle "playchess.com"]
[Source "ChessBase"]
[SourceQuality "1"]
[TimeControl "5400+30"]

1. d4 d5 2. c4 e6 3. Nc3 c5 4. cxd5 cxd4 5. Qa4+ Qd7 6. Nb5 $1 {[%emt 0:11:27] D32: Tarrasch Defence: Sidelines and lines without g3.} (6. Qxd4 $6 Nc6 7. Qd2 (7. dxc6 $2 Qxd4 8. g3 Qb6 $19) 7... exd5 8. Nxd5 Bc5 $14) 6... exd5 $146 (6... Na6 $16) ({Predecessor:} 6... Na6 7. dxe6 fxe6 8. Bd2 Nf6 9. Nf3 Nd5 10. Ne5 Nc5 11. Qc4 Qd8 12. Qxd4 Be7 13. e4 {1-0 Kryakvin,D (2471)-Tarielashvili,D (1551) Yalta Yialos op 2023 (2)}) 7. Nc7+ $18 Kd8 8. Qxd7+ (8. Qxd4 $2 {is the wrong capture.} Nc6 (8... Qxc7 $2 9. a3 $19) (8... Kxc7 $2 9. a3 $19) 9. Qd1 Bb4+ (9... Qxc7 $2 10. a3 $19) 10. Bd2 Qxc7 $19 (10... Bxd2+ $2 11. Qxd2 Qxc7 12. Qxd5+ Ke7 13. Qc5+ Qd6 14. Qxd6+ Kxd6 15. Nf3 $19)) 8... Bxd7 9. Nxa8 Nc6 10. Bf4 Bb4+ 11. Kd1 Nf6 12. f3 Nh5 13. Bg5+ Kc8 {[%emt 0:01:41] [#]} 14. g4 $1 h6 15. Bd2 Nf6 16. Bxb4 Nxb4 17. Nh3 Kb8 18. Nf4 Kxa8 19. h4 Kb8 20. Bg2 Bb5 21. Kd2 ({Better is} 21. g5 $16 Nd7 22. gxh6 Rxh6 23. a3) 21... Re8 $14 22. g5 (22. Bf1 $14) 22... Nh5 $1 $11 23. Nd3 Re3 24. Bf1 Nxd3 25. exd3 Ng3 (25... Rxf3 26. Be2 Rf2 27. gxh6 (27. Ke1 Rxe2+ 28. Kxe2 Ng3+ 29. Kd2 hxg5 $18) 27... gxh6 28. Raf1 Rxe2+ 29. Kxe2 Ng3+ 30. Kd2 $18) 26. Rg1 Rxf3 27. gxh6 gxh6 28. Rc1 a5 29. Be2 Re3 30. Rxg3 Rxg3 31. Rf1 $1 Rg7 32. Rf6 {[%emt 0:00:42] [#]} (32. Rf5 $1 $11) 32... Rh7 ({Black should try} 32... Bd7 $1 $17 33. Bf3 Rg6 34. Rxf7 Bc6) 33. Bh5 Kc7 34. Bxf7 Bc6 35. Bg6 Rg7 36. h5 Kd8 37. Rf8+ Ke7 38. Rh8 Kf6 39. Rxh6 Kg5 40. Rh8 Re7 41. Rf8 Bd7 42. b3 Bg4 43. Rf2 Re3 44. Rg2 Re7 45. h6 Kxg6 46. Rxg4+ Kxh6 47. Rxd4 Rd7 $1 48. Rg4 d4 49. Re4 Rd6 (49... Kg5 $11) 50. Ke2 (50. Re5 $16) 50... Rc6 (50... Kg5 $11 {remains equal.}) 51. Rxd4 ({White should play} 51. Kf3 $16) 51... Rc2+ $11 52. Ke3 Rxa2 53. Rd6+ (53. Ra4 $5 Rb2 $8 54. Rxa5 Rxb3 55. Kd4 $11) 53... Kg5 54. Rb6 a4 55. b4 a3 56. Rxb7 Rb2 57. Ke4 1/2-1/2

[Event "Baku Open 2024"]
[Site "Baku"]
[Date "2024.07.01"]
[Round "3.32"]
[White "Serikbay, Assel"]
[Black "Ahmad, Khagan"]
[Result "1-0"]
[ECO "B33"]
[WhiteElo "2217"]
[BlackElo "2401"]
[Annotator "TA"]
[PlyCount "77"]
[EventDate "2024.06.29"]
[EventType "swiss"]
[EventCountry "AZE"]
[SourceTitle "playchess.com"]
[Source "ChessBase"]
[SourceQuality "1"]
[TimeControl "5400+30"]

1. e4 c5 2. Nf3 Nc6 3. d4 cxd4 4. Nxd4 Nf6 5. Nc3 e5 6. Ndb5 d6 7. Bg5 a6 8. Na3 b5 9. Nd5 Be7 10. Bxf6 Bxf6 11. c3 Bg5 12. Nc2 Rb8 13. a4 bxa4 14. Ncb4 Nxb4 15. Nxb4 Bd7 {[%emt 0:00:38] Inhibits Nc6. ...a5 is the strong threat.} 16. Bxa6 Qa5 {[%emt 0:01:42] Threatens to win with ...Rxb4.} 17. Qxd6 Rb6 {[%emt 0:00:08] The position is equal.} 18. Qd3 {[%emt 0:00:11] aiming for 0-0.} Be7 $132 {[%emt 0:04:12][%mdl 2048] Black is not keeping still. A strong pair of Bishops.} 19. Nd5 (19. Rd1 Be6 20. O-O O-O $15 (20... Bxb4 21. Qd8#)) 19... Rxb2 (19... Qxa6 $2 20. Nc7+ Kd8 21. Nxa6 $18) (19... Rxa6 $2 20. Qxa6 Qxa6 21. Nc7+ Kf8 22. Nxa6 $18) 20. O-O Bc5 {[%emt 0:06:42] [#]} 21. Qg3 $1 Kf8 22. Bc4 f6 {[%emt 0:00:49] [#]} (22... h5 $16 {was necessary.}) 23. Rad1 $1 $18 {[%emt 0:07:47][%cal Od5f6] Strongly threatening Nxf6!} Rb7 $2 {[%emt 0:53:11] [#]} (23... Bb5 {is more resistant.} 24. Bxb5 Rxb5) 24. Kh1 $1 {[%emt 0:05:29] Black must now prevent f4.} Be6 25. f4 exf4 26. Qxf4 Be7 27. e5 Bxd5 28. Rxd5 Qc7 {[%emt 0:02:54] Black is weak on the light squares} 29. Qd4 {[%emt 0:04:16][%cal Re5f6] exf6 would now be deadly.} Qb6 30. Qg4 Qc6 31. exf6 gxf6 32. Rg5 Ke8 33. Bd5 Qc7 34. Rg8+ Rxg8 35. Qxg8+ Kd7 36. Qe6+ Ke8 37. Qc6+ (37. Rxf6 $2 {gets mated.} Rb1+) (37. Bxb7 $142 Qxb7 38. Qg8+ (38. Rxf6 $2 {leads to mate.} Qb1+) 38... Kd7 39. Rd1+ (39. Qxh7 Qd5 $18) 39... Kc7 40. Qxh7 (40. Qg3+ Kc8 $18) 40... Kb8 41. Rb1 Qxb1+ 42. Qxb1+ Kc7 43. Qe4) 37... Qxc6 38. Bxc6+ Rd7 39. Rd1 {[%emt 0:00:11] Black got outplayed after the opening.   Weighted Error Value: White=0.28 (precise) /Black=0.60.  Loses game:     	---       	Black=1      Mistake:       	---       	Black=1      Inaccurate:     	---       	Black=2      OK:         	White=8     	Black=6      Best:        	White=1     	Black=1      Strong:       	White=3     	---} 1-0